 Dungeon Crawl Stone Soup version 0.29-a0-284-gf9362112df (webtiles) character file.

Game seed: 7833165883078282933

58 cojito the Magician (level 3, -1/27 HPs)
             Began as a Palentonga Hedge Wizard on Apr 1, 2022.
             Slain by a phantom (5 damage)
             ... on level 2 of the Dungeon.
             The game lasted 00:05:05 (2219 turns).

cojito the Magician (Palentonga Hedge Wizard)       Turns: 2219, Time: 00:05:06

Health: -1/27      AC:  4    Str: 13    XL:     3   Next: 75%
Magic:  0/7        EV: 13    Int: 16    God:
Gold:   54         SH:  0    Dex:  9    Spells: 0/8 levels left

rFire   . . .      SeeInvis +   h - +1 dagger (speed)
rCold   . . .      Faith    .   (no shield)
rNeg    + . .      Spirit   .   b - +0 robe
rPois   .          Reflect  .   c - +0 hat
rElec   .          Harm     .   (no cloak)
rCorr   .          Rampage  .   (no gloves)
Will    .....                   (no barding)
Stlth   +.........              (no amulet)
HPRegen 0.09/turn               g - ring of positive energy
MPRegen 0.10/turn               i - +4 ring of evasion

@: no status effects
A: large, rugged brown scales 3, see invisible, deformed body, roll 1, armoured
tail
a: Rolling Charge


You were on level 2 of the Dungeon.
You visited 1 branch of the dungeon, and saw 2 of its levels.

You collected 93 gold pieces.
You spent 39 gold pieces at shops.

Inventory:

Hand Weapons
 a - a +0 dagger
 h - a +1 dagger of speed (weapon)
 j - a +0 hunting sling
Missiles
 e - 5 poisoned darts
Armour
 b - a +0 robe (worn)
 c - a +0 hat (worn)
Jewellery
 g - a ring of positive energy (left hand)
 i - a +4 ring of evasion (right hand)
Scrolls
 f - a scroll of immolation {unknown}
 k - a scroll of identify {unknown}
Potions
 d - a potion of magic
 l - a potion of curing


   Skills:
 + Level 1.5 Fighting
 - Level 1.5 Dodging
 - Level 1.2 Stealth
 + Level 3.3 Spellcasting
 * Level 2.4 Conjurations
 - Level 0.7 Summonings
 - Level 1.0 Translocations


You couldn't memorise any spells.
You knew the following spells:

 Your Spells              Type           Power      Damage    Failure   Level
a - Magic Dart            Conj           40%        1d5       7%          1
b - Call Imp              Summ           5%         N/A       21%         2
c - Mephitic Cloud        Conj/Pois/Air  5%         N/A       36%         3
d - Blink                 Tloc           10%        N/A       19%         2

Your spell library contained the following spells:

 Spells                   Type           Power      Damage    Failure   Level
 Slow                     Hex            8%         N/A       19%         1
 Conjure Flame            Conj/Fire      6%         6-21      32%         3


Dungeon Overview and Level Annotations

Branches:
Dungeon (2/15)

Altars:

Shops:
D:2 *


Innate Abilities, Weirdness & Mutations

You are completely covered in rugged brown scales. (AC +3, +7% HP)
You have supernaturally acute eyesight. (SInv)
Armour fits poorly on your strangely shaped body.
You can roll at nearby foes to attack.
You have a long armoured tail.


Message History

You hit the phantom but do no damage.
You punch the phantom, but do no damage.
The phantom is severely damaged.
Casting: Magic Dart (safe; 7% risk of failure)
Confirm with . or Enter, or press ? or * to list all spells.
A beastly little devil appears in a puff of flame.
The phantom closely misses you.
You swap places.
The phantom hits your crimson imp but does no damage.
Your crimson imp misses the phantom.
The phantom misses your crimson imp.
Your crimson imp barely misses the phantom.
The phantom completely misses your crimson imp.
Your crimson imp barely misses the phantom.
The phantom hits your crimson imp but does no damage.
Your crimson imp misses the phantom.
The phantom hits your crimson imp.
Your crimson imp barely misses the phantom.
The phantom closely misses your crimson imp.
Your crimson imp blinks!
You hit the phantom but do no damage.
Your tail-slap misses the phantom.
The phantom is severely damaged.
The phantom barely misses you.
You closely miss the phantom.
The phantom is severely damaged.
Your crimson imp hits the phantom but does no damage.
The phantom hits you.
* * * LOW HITPOINT WARNING * * *
The phantom blinks!
You blink.
You closely miss the phantom.
The phantom is severely damaged.
Casting: Call Imp (safe; 21% risk of failure)
Confirm with . or Enter, or press ? or * to list all spells.
Aiming: Magic Dart (safe; 7% risk of failure)
Press: ? - help, Shift-Dir - straight line, f/p - phantom
Aim: a phantom (severely damaged, ally target, 100% to hit)
The magic dart hits the phantom.
The phantom is severely damaged.
The phantom hits you.
You die...

############## #.####.........
...g.........######.####.........
##########..........##.....#.####
#.#.#####..##.....#.#
#.................#.#
#...#####.........#.### #§..#
#..##.........#
#...#####..####.#.###.#
#...##W@..........# #.#
#...##.##(........###.#
#§..##5##.#####.#.....##
######§..#...#.# #.........
#............>#...# ###.....##
#.########.##...### #....... #.#
#)###.## ######## #.# #.###.# #.#
#<##).#


You could see a phantom (ally target) and a friendly crimson imp (summoned).

Vanquished Creatures
  A gnoll (D:1)
  A dart slug (D:1)
  3 ball pythons
  An endoplasm (D:1)
  2 giant cockroaches (D:2)
  4 goblins (D:2)
  3 hobgoblins (D:1)
  4 kobolds
  3 bats (D:2)
  2 frilled lizards (D:1)
  A rat (D:1)
25 creatures vanquished.

Vanquished Creatures (collateral kills)
  A gnoll (D:2)
  An adder (D:2)
2 creatures vanquished.

Grand Total: 27 creatures vanquished

Notes
Turn   | Place    | Note
-------+----------+-------------------------------------------
     0 | D:1      | cojito the Palentonga Hedge Wizard began the quest for the
                  | Orb.
     0 | D:1      | Reached XP level 1. HP: 13/13 MP: 4/4
   130 | D:1      | Reached skill level 1 in Conjurations
   605 | D:1      | Reached XP level 2. HP: 21/21 MP: 4/6
  1577 | D:1      | Reached skill level 1 in Fighting
  1577 | D:1      | Reached XP level 3. HP: 17/27 MP: 2/7
  1582 | D:1      | Learned a level 2 spell: Call Imp
  1586 | D:1      | Learned a level 3 spell: Mephitic Cloud
  1756 | D:1      | Learned a level 2 spell: Blink
  1939 | D:2      | Found Berier's General Store.
  1948 | D:2      | Bought a potion of curing for 39 gold pieces
  2129 | D:2      | Noticed a phantom
  2219 | D:2      | Slain by a phantom

Illustrated notes

Levels and vault maps discovered:
D:1:      saegor_arrival_simple_c, layout_loops_corners
D:2:      minmay_roachtagon, layout_loops_ring, serial_shops, shop,
          ebering_ecumenical_altar_webs, st_stairs_2

Skill      XL: |  1  2 |
---------------+-------+-----
Conjurations   | 1 2 |  2.4
Fighting       | 1 |  1.5
Dodging        | |  1.5
Stealth        | |  1.2
Spellcasting   | |  3.3
Summonings     | |  0.7
Translocations | |  1.0

Action                   || total
-------------------------++-------
Melee: Dagger            ||    39
       Tailslap          ||     2
       Punch             ||     1
 Cast: Magic Dart        ||    71
       Call Imp          ||     4
 Stab: Sleeping          ||     1
Armor: Robe              ||    10
Dodge: Dodged            ||    22

Table legend: (Time is in decaauts)
 A = Elapsed time spent in this place.
 B = Non-inter-level travel time spent in this place.
 C = Inter-level travel time spent in this place.
 D = Time resting spent in this place.
 E = Time spent auto-exploring this place.
 F = Levels seen in this place.
 G = Mean time per level.
                   A        B        C        D        E       F      G
               +--------+--------+--------+--------+--------+-----+--------+
         Total |   2211 |   2065 |    146 |    478 |   1157 |   2 | 1105.5 |
       Dungeon |   2211 |   2065 |    146 |    478 |   1157 |   2 | 1105.5 |
               +--------+--------+--------+--------+--------+-----+--------+

Top non-repeatable levels by time:
     D:1: 1443 daAuts
     D:2: 767 daAuts
